[Event "FIDE Women GP Pune 2025"]
[Site "Pune"]
[Date "2025.04.14"]
[Round "1.1"]
[White "Munguntuul, Batkhuyag"]
[Black "Melia, Salome"]
[Result "1-0"]
[Annotator "RC"]
[ECO "B32"]
[WhiteElo "2361"]
[BlackElo "2293"]
[PlyCount "169"]
[EventDate "2025.04.07"]
[EventType "tourn"]
[EventCountry "IND"]
[SourceTitle "playchess.com"]
[Source "ChessBase"]
[SourceQuality "1"]
[TimeControl "40/5400+30:1800+30"]

1. e4 c5 2. Nf3 Nc6 3. d4 cxd4 4. Nxd4 e5 5. Nb5 d6 6. N1c3 a6 7. Na3 Be6 8. Nc4 Rb8 9. a4 Nf6 10. Bg5 Nd4 11. Bd3 Be7 12. O-O O-O 13. Bxf6 Bxf6 14. Nd5 Bg5 15. c3 Nc6 16. Ncb6 g6 17. b4 Kh8 18. a5 Bh6 19. Ra3 f5 20. exf5 gxf5 21. Qh5 Bg7 22. Bb1 e4 23. f3 exf3 24. Rxf3 Qe8 25. Qh3 Ne5 26. Rf1 Ng4 27. Qd3 Qh5 28. h3 Ne5 29. Qc2 Bh6 30. c4 Rf7 31. c5 dxc5 32. Qxc5 Nc6 33. Raf3 Bg7 34. Kh1 Bd4 35. Qd6 Bxd5 36. Nxd5 Rd8 37. Qe6 Qg6 38. Bxf5 Qxe6 39. Bxe6 Rxf3 40. Rxf3 Be5 41. g4 Nd4 42. Re3 Bd6 43. Re4 Nf3 44. Rc4 Ne5 45. Rc8 Rxc8 46. Bxc8 Nc6 47. Bxb7 Nxb4 48. Ne3 Bc5 49. Nc4 Kg7 50. Kg2 Kf6 51. Kf3 h5 52. Kf4 Nd3+ 53. Kg3 hxg4 54. hxg4 Nb4 55. Kf4 Nd3+ 56. Ke4 Nb4 57. Ne5 Kg5 58. Bc8 Be7 59. Bd7 Bf6 60. Nf3+ Kg6 61. Be8+ Kg7 62. Nd4 Kh6 63. Ne6 Nc2 64. Kf5 Bc3 65. g5+ Kh7 66. g6+ Kh6 67. Ke4 Nb4 68. Nd4 Kg7 69. Nf5+ Kf8 70. Bd7 Bf6 71. Ba4 Na2 72. Bc6 Nb4 73. Bb7 Bc3 74. Ke3 Bf6 75. Kd2 Be5 76. g7+ Kg8 77. Bc8 Bxg7 78. Nxg7 Kxg7 79. Bb7 Kf6 80. Kc3 Na2+ 81. Kc4 Ke7 82. Bxa6 Kd6 83. Bb5 Kc7 84. Kb3 Nc1+ 85. Kb2 1-0

[Event "FIDE Women GP Pune 2025"]
[Site "Pune"]
[Date "2025.04.14"]
[Round "1.2"]
[White "Zhu, Jiner"]
[Black "Harika, Dronavalli"]
[Result "1-0"]
[Annotator "TA"]
[ECO "C10"]
[WhiteElo "2525"]
[BlackElo "2488"]
[PlyCount "105"]
[EventDate "2025.04.07"]
[EventType "tourn"]
[EventCountry "IND"]
[SourceTitle "playchess.com"]
[Source "ChessBase"]
[SourceQuality "1"]
[TimeControl "40/5400+30:1800+30"]

1. e4 e6 2. d4 d5 3. Nc3 Be7 4. Nf3 Nf6 5. e5 Ne4 6. Qd3 {[%emt 0:12:18] C10: French with 3 Nc3: Unusual Black 3rd moves and 3...dxe4.} Nxc3 7. Qxc3 b6 $146 ({Predecessor:} 7... O-O 8. Be2 Nc6 9. O-O a5 10. Bb5 f6 11. Bxc6 bxc6 12. Qxc6 Bd7 13. Qc3 Bb4 {0-1 Braeutigam,J-Sawallich,H Freechess Open 22625 2020}) 8. Be3 a5 9. Qd2 c5 10. c3 Nc6 11. a3 a4 12. Bb5 Bd7 13. Bd3 Na5 14. Qe2 Qc7 15. h4 h6 16. h5 O-O-O 17. O-O Kb8 18. Rab1 Ka8 19. Nd2 c4 20. Bc2 Rdg8 21. Nf3 Be8 22. Nh2 f5 23. g4 g6 $1 24. Kh1 Rf8 $1 (24... fxg4 $6 25. Qxg4 g5 26. Qxe6 $18) 25. f4 Bd8 26. Rg1 gxh5 (26... b5 $11 {keeps the balance.}) 27. gxf5 $16 (27. gxh5 $6 Rfg8 $11) 27... exf5 28. Bf2 h4 (28... Nb3 $16 29. Nf1 Qd7) 29. Nf1 $18 Nc6 (29... Qf7 $142 30. Re1 b5) 30. Ne3 (30. Bxa4 Nxe5 31. dxe5 (31. Bxe8 Ng4 $16) 31... Bxa4 $14) 30... Ne7 31. Bxh4 Qc6 (31... Ng6 {might work better.}) 32. Bxe7 $18 Bxe7 33. Bxf5 ({Don't do} 33. Nxf5 Bd8 34. Rbf1 Bg6 $18) 33... Bd8 34. Rbf1 Rxf5 (34... Kb8 $142 35. Bh3 Bd7) 35. Nxf5 $18 Bg6 36. Qg4 Rg8 37. Kh2 (37. Nxh6 $2 {perishes.} Be4+ 38. Kh2 Rxg4 (38... Qxh6+ 39. Qh3 $11) 39. Nxg4 Qg6 $19) 37... Bh7 38. Qh3 Rf8 39. Qxh6 Qxh6+ 40. Nxh6 Bd3 41. Rf3 Be4 42. Rh3 Rxf4 43. Rg8 Rf2+ 44. Kg1 Rxb2 45. Rxd8+ Ka7 46. Rg3 Rb1+ 47. Kf2 Rb2+ 48. Ke3 Rb3 49. e6 Rxc3+ 50. Kf4 Rxg3 51. Kxg3 c3 52. e7 c2 53. e8=Q 1-0

[Event "FIDE Women GP Pune 2025"]
[Site "Pune"]
[Date "2025.04.14"]
[Round "1.3"]
[White "Kashlinskaya, Alina"]
[Black "Shuvalova, Polina"]
[Result "0-1"]
[Annotator "RC"]
[ECO "C88"]
[WhiteElo "2496"]
[BlackElo "2500"]
[PlyCount "114"]
[EventDate "2025.04.07"]
[EventType "tourn"]
[EventCountry "IND"]
[SourceTitle "playchess.com"]
[Source "ChessBase"]
[SourceQuality "1"]
[TimeControl "40/5400+30:1800+30"]

1. e4 e5 2. Nf3 Nc6 3. Bb5 a6 4. Ba4 Nf6 5. O-O Be7 6. Re1 b5 7. Bb3 O-O 8. a4 Bb7 9. d3 d6 10. h3 Na5 11. Ba2 c5 12. Nbd2 Bc8 13. Nf1 b4 14. Ne3 Be6 15. Nc4 Nxc4 16. Bxc4 h6 17. a5 Nh7 18. Bxe6 fxe6 19. c3 Rb8 20. d4 bxc3 21. bxc3 exd4 22. cxd4 Rb5 23. dxc5 dxc5 24. Qa4 Bf6 25. e5 Bg5 26. Rd1 Qe7 27. Nxg5 Nxg5 28. Be3 Nf7 29. Qe4 Rc8 30. Rdb1 Qd7 31. Rxb5 Qxb5 32. Rb1 Qxa5 33. Qc4 Nd8 34. f4 Qc7 35. Qxa6 c4 36. Rc1 c3 37. Kf2 c2 38. Ke2 Nc6 39. Qc4 Qd7 40. f5 Nd8 41. fxe6 Nxe6 42. Qe4 Qb5+ 43. Kd2 Rc4 44. Qa8+ Kh7 45. Qa3 Qc6 46. Qd3+ Kh8 47. g4 Qg2+ 48. Qe2 Qd5+ 49. Qd3 Nd4 50. Ke1 Qh1+ 51. Qf1 Qxf1+ 52. Kxf1 Nb3 53. Re1 Re4 54. Kf2 Rxe5 55. h4 Kh7 56. g5 Rxe3 57. g6+ Kxg6 0-1

[Event "FIDE Women GP Pune 2025"]
[Site "Pune"]
[Date "2025.04.14"]
[Round "1.4"]
[White "Salimova, Nurgyul"]
[Black "Divya Deshmukh"]
[Result "0-1"]
[Annotator "RC"]
[ECO "A46"]
[WhiteElo "2402"]
[BlackElo "2460"]
[PlyCount "106"]
[EventDate "2025.04.07"]
[EventType "tourn"]
[EventCountry "IND"]
[SourceTitle "playchess.com"]
[Source "ChessBase"]
[SourceQuality "1"]
[TimeControl "40/5400+30:1800+30"]

1. d4 Nf6 2. Nf3 e6 3. Bf4 c5 4. e3 cxd4 5. exd4 b6 6. h4 Be7 7. Nc3 Bb7 8. Bd3 a6 9. Qe2 b5 10. a3 d6 11. Rh3 Nbd7 12. h5 Rc8 13. Kf1 Nb6 14. Re1 Qd7 15. Nh2 Qc6 16. f3 Nbd5 17. Bd2 Qb6 18. Qf2 Nxc3 19. Bxc3 Kd7 20. Qd2 Bc6 21. b3 g6 22. Ba1 gxh5 23. c4 d5 24. c5 Qc7 25. Bc3 Rcg8 26. Kg1 Rg7 27. Nf1 Rhg8 28. Re2 Ke8 29. a4 h4 30. axb5 axb5 31. Rxh4 Ne4 32. Rhxe4 dxe4 33. fxe4 f5 34. Qe3 Rg4 35. Be1 Bxe4 36. Bxb5+ Kf7 37. g3 Bg5 38. Qc3 Rh4 39. Bd3 Rh1+ 40. Kf2 Bd5 41. Bc4 Rd8 42. Bxd5 Rxd5 43. Kg2 Rh6 44. Bf2 f4 45. Nh2 Bf6 46. Ng4 Rg6 47. Nxf6 Rxf6 48. Re4 Qc6 49. gxf4 Rxc5 50. Qf3 Rc3 51. Be3 Qd5 52. Re5 Rg6+ 53. Rg5 Rxe3 0-1

[Event "FIDE Women GP Pune 2025"]
[Site "Pune"]
[Date "2025.04.14"]
[Round "1.5"]
[White "Vaishali, Rameshbabu"]
[Black "Koneru, Humpy"]
[Result "1/2-1/2"]
[Annotator "RC"]
[ECO "C55"]
[WhiteElo "2484"]
[BlackElo "2528"]
[PlyCount "107"]
[EventDate "2025.04.07"]
[EventType "tourn"]
[EventCountry "IND"]
[SourceTitle "playchess.com"]
[Source "ChessBase"]
[SourceQuality "1"]
[TimeControl "40/5400+30:1800+30"]

1. e4 e5 2. Nf3 Nc6 3. Bc4 Nf6 4. d3 Be7 5. O-O O-O 6. Nc3 d6 7. a4 Na5 8. Ba2 Nc6 9. h3 h6 10. d4 Nxd4 11. Nxd4 exd4 12. Qxd4 Be6 13. Bxe6 fxe6 14. e5 dxe5 15. Qxe5 Qd6 16. Re1 Qxe5 17. Rxe5 Kf7 18. Re2 a6 19. Ne4 Rad8 20. Bf4 Nxe4 21. Rxe4 Bd6 22. Be3 a5 23. Re1 Rfe8 24. g4 Be7 25. c3 Bf6 26. Bf4 c6 27. Kg2 Rd3 28. R1e2 Re7 29. Be3 Re8 30. Bf4 Re7 31. Be3 Re8 32. Bb6 Bd8 33. Rf4+ Kg8 34. Rd4 Rxd4 35. Bxd4 Kf7 36. c4 Bf6 37. Bb6 Bd8 38. Bd4 Bf6 39. Bb6 Bd8 40. Be3 e5 41. Rd2 Ke6 42. c5 Be7 43. Kf3 Rd8 44. Rxd8 Bxd8 45. Ke4 Bg5 46. Bxg5 hxg5 47. f3 g6 48. b3 Kf6 49. Kd3 Ke7 50. Kc3 Kd7 51. Kd3 Ke7 52. Kc3 Kd7 53. Kd3 e4+ 54. Kxe4 1/2-1/2